AoeStats
← Prenzel03049

Black Forest

503416219Analyzed
2v2 RM · 1mo ago on Aug 31, 2026· 26m 26s· 4 players
Game mode
Random Map
Map size
Medium (4 player)
Population
200
Speed
Normal
Resources
Standard
Victory
Conquest
Starting age
Dark Age
Ending age
Imperial Age
RankedLock teamsTeams togetherTeam positionsShared explorationLock speedFull tech treeHidden civsTurbo modeCheats
Victory
Defeat
🇰🇿 Japanese · Kazakhstan
1247
+16
🇩🇪 Japanese · Germany
1238
+16
🇩🇪 Khmer · Germany
1245
-16
🇩🇪 Celts · Germany
1245
-16
Prenzel03049
0:51 Loom
1:07 Loom
11:58 Feudal Age
12:35 Man-at-Arms
14:04 Forging
16:09 Scale Mail Armor
18:46 Horse Collar
24:01 Castle Age
23:12 Stone Mining
23:10 Double-Bit Axe
23:50 Gold Mining
24:18 Elite Skirmisher
nurlan-c
1:03 Loom
10:54 Feudal Age
11:04 Man-at-Arms
11:48 Arson
13:15 Forging
19:05 Castle Age
17:44 Double-Bit Axe
20:09 Wheelbarrow
19:43 Horse Collar
19:58 Gambesons
20:30 Long Swordsman
22:01 Scale Mail Armor
23:01 Squires
23:38 Pikeman
24:27 Town Watch
yung.gouda
0:44 Loom
12:38 Feudal Age
17:30 Castle Age
15:56 Double-Bit Axe
18:06 Scale Barding Armor
18:28 Forging
18:53 Bow Saw
TheRealZinner
0:47 Loom
13:20 Feudal Age
19:12 Castle Age
22:44 Double-Bit Axe
24:09 Bloodlines
Connection lost

Rejoining the realm…

Still unreachable

The connection could not be restored.

Session expired

The server has moved on; the page needs a fresh start.